[Event "Early-Titled-Tuesday-Blitz-January-30-2024"]
[Site "Chess.com"]
[Date "2024.01.30"]
[Round "10"]
[White "noblerone"]
[Black "jjlai1111"]
[Result "1-0"]
[WhiteElo "2489"]
[BlackElo "2330"]
[TimeControl "180+1"]
[EndTime "10:02:50 PST"]
[Termination "noblerone won by resignation"]

1. e4 c6 2. Nf3 d5 3. Nc3 Bg4 4. d4 dxe4 5. Nxe4 Nf6 6. Nxf6+ exf6 7. c3 Bd6 8. Bd3 O-O 9. O-O Qc7 10. h3 Bh5 11. Be3 Nd7 12. Qc2 Bg6 13. Nh4 c5 14.
Nf5 cxd4 15. Bxd4 Bc5 16. Rad1 Rfd8 17. Rfe1 Ne5 18. Be4 Rab8 19. a3 Bxd4 20. Nxd4 Bxe4 21. Qxe4 Qc4 22. Qf5 Rd5 23. Nc2 Nd3 24. Qe4 Qxe4 25. Rxe4 Rbd8 26. Rb1 Ne5 27. Nd4 Nc6 28. Nxc6 bxc6 29.
Rbe1 h6 30. Re8+ Kh7 31. Rxd8 Rxd8 32. Re7 Rd1+ 33. Kh2 Rd2 34. Rxf7 Rxf2 35. Rxa7 Rxb2 36. Ra6 Rb3 37. Rxc6 Rxa3 38. Rc7 Ra2 39. Kg3 Kg6 40. Kf3 h5 41. g3 Kh6 42. h4 g5 43. hxg5+ Kxg5 44. Rc8 Rc2 45. Ke3 Kg4 46. Rg8+ Kh3 47. Kd3 Rc1 48.
c4 f5 49. Kd4 h4 50. gxh4 Kxh4 51. Rh8+ Kg4 52. Rg8+ Kf4 53. Rc8 Kf3 54. c5 f4 55.
c6 Ke2 56. c7 f3 57. Re8+ Kf1 58. c8=Q Rxc8 59. Rxc8 f2 60. Ke3 Kg1 61. Rg8+ Kf1 62. Rf8 Ke1 63. Rxf2 1-0

[Event "Early-Titled-Tuesday-Blitz-January-30-2024"]
[Site "Chess.com"]
[Date "2024.01.30"]
[Round "10"]
[White "Lady_Nika"]
[Black "Iball95"]
[Result "0-1"]
[WhiteElo "2579"]
[BlackElo "2778"]
[TimeControl "180+1"]
[EndTime "10:02:51 PST"]
[Termination "Iball95 won on time"]

1. d4 d5 2. e3 Nf6 3. f4 Bf5 4. Nf3 e6 5. c3 Nbd7 6. Bd3 Bxd3 7. Qxd3 Bd6 8. Nbd2 O-O 9. Ne5 c5 10. O-O Rc8 11. Rf3 g6 12. Rh3 a6 13. a3 b5 14.
Qe2 Kg7 15. Nf1 h5 16. Bd2 Ne4 17. Be1 Rh8 18. Ng3 Nxg3 19. Bxg3 Be7 20. Rf1 Nf6 21.
Be1 Ne4 22. Nf3 Bf6 23. Bh4 Qb6 24. Bxf6+ Nxf6 25. Ne5 a5 26. Kh1 b4 27. axb4 axb4 28.
Rg1 bxc3 29. bxc3 cxd4 30. cxd4 Qb3 31. e4 Qc2 32. Qxc2 Rxc2 33. exd5 Nxd5 34. Rf3 Ra8 35. Nd3 Ra4 36. g4 hxg4 37. Rxg4 Rxd4 38. Rg1 Ra4 39. f5 Rh4 40. h3 exf5 41. Ne1 Rd2 42.
Ng2 Re4 43. h4 Nf6 44. Rh3 Ng4 45. Rf3 Ree2 46. h5 Ra2 47. hxg6 fxg6 48. Rg3 Nf2+ 49.
Kh2 Ne4 50. Rh3 f4 51. Rf3 g5 52. Kh1 Kf6 53. Rb3 Kf5 54. Rb5+ Kf6 55. Rb6+ Kg7 56. Rb7+ Kh6 57. Rb6+ Kh5 58. Rb8 Nf2+ 59. Kh2 Ng4+ 60. Kh3 Ra3+ 0-1

[Event "Early-Titled-Tuesday-Blitz-January-30-2024"]
[Site "Chess.com"]
[Date "2024.01.30"]
[Round "10"]
[White "Balla_Tamas"]
[Black "Dinosaurio_1975"]
[Result "0-1"]
[WhiteElo "2415"]
[BlackElo "2584"]
[TimeControl "180+1"]
[EndTime "10:02:55 PST"]
[Termination "Dinosaurio_1975 won by checkmate"]

1. e4 c6 2. d4 d5 3. e5 c5 4. Nf3 Nc6 5. Bb5 Bg4 6. Bxc6+ bxc6 7. dxc5 Qa5+ 8. c3 Qxc5 9. Be3 Qa5 10. O-O e6 11. h3 Bh5 12. Nbd2 Nh6 13. Qc2 Nf5 14.
Nd4 Nxe3 15. fxe3 Bg6 16. e4 Bc5 17. Kh1 Bxd4 18. cxd4 O-O 19. Qd3 dxe4 20. Qe3 Qd5 21. Nb3 a5 22. Rac1 a4 23. Rc5 Qd7 24. Nd2 Rfb8 25. Nxe4 Rxb2 26. Nd6 Rxa2 27. Qf3 Rb2 28. Rxc6 Rbb8 29. Rfc1 a3 30. Rc7 Qxc7 31. Rxc7 a2 32.
Rc1 a1=Q 33. Rxa1 Rxa1+ 34. Kh2 Ra2 35. Qc6 h5 36. Nc8 Rbb2 37. Ne7+ Kh7 38. Nxg6 Kxg6 39.
Qe4+ Kh6 40. Qf4+ Kg6 41. Qe4+ Kh6 42. Qf4+ Kh7 43. Qxf7 Rxg2+ 44. Kh1 Rh2+ 45. Kg1 Rag2+ 46. Kf1 Rf2+ 47. Qxf2 Rxf2+ 48. Kxf2 Kg6 49. Kf3 Kf5 50. h4 g5 51. hxg5 Kxg5 52. Ke4 h4 53. d5 exd5+ 54. Kxd5 h3 55. e6 h2 56. e7 h1=Q+ 57. Ke6 Qe4+ 58. Kf7 Qf5+ 59. Kg8 Qg6+ 60. Kf8 Qf6+ 61. Ke8 Kg6 62. Kd7 Qd4+ 63. Kc8 Qc5+ 64. Kd8 Qd6+ 65. Ke8 Kh7 66. Kf8 Kg6 67. Ke8 Qb8+ 68. Kd7 Qb7+ 69. Kd6 Qc8 70.
Ke5 Qe8 71. Kd6 Kf7 72. Kd5 Qxe7 73. Kc6 Kf6 74. Kd5 Qe6+ 75. Kd4 Kf5 76. Kd3 Qe5 77. Kc4 Kf4 78. Kb4 Ke4 79. Kc4 Qd5+ 80. Kb4 Kd4 81. Ka4 Qb7 82. Ka5 Kc5 83. Ka4 Qb4# 0-1

[Event "Early-Titled-Tuesday-Blitz-January-30-2024"]
[Site "Chess.com"]
[Date "2024.01.30"]
[Round "10"]
[White "zverr1"]
[Black "DavidGavrilescu18"]
[Result "1-0"]
[WhiteElo "2600"]
[BlackElo "2788"]
[TimeControl "180+1"]
[EndTime "10:02:58 PST"]
[Termination "zverr1 won by checkmate"]

1. d4 d5 2. c4 e6 3. Nf3 Nf6 4. g3 Bb4+ 5. Bd2 Bd6 6. Nc3 Nbd7 7. Qc2 dxc4 8. e4 c5 9. Bxc4 cxd4 10. Nxd4 O-O 11.
O-O-O a6 12. f4 Ng4 13. Rhf1 Bc5 14. Nxe6 fxe6 15. Bxe6+ Kh8 16. Bxg4 Nf6 17. Bxc8 Rxc8 18. Kb1 b5 19. e5 Nd5 20. Nxd5 Qxd5 21. Be3 Qc6 22.
Rc1 Rfd8 23. Bxc5 Qb7 24. Rfd1 Rxd1 25. Rxd1 h6 26. Qg6 Qf3 27. Rc1 Qe2 28. Qc2 Qf3 29. b4 Rd8 30. Bd6 a5 31. bxa5 b4 32. a6 Ra8 33. e6 Qd5 34. Be5 Qxe6 35. a7 Qd5 36. Qg6 Qd7 37. Qxh6+ Kg8 38. Qd6 Qxa7 39. Qd5+ Kh7 40.
Rc7 Qg1+ 41. Kb2 Qf2+ 42. Rc2 Qa7 43. Qd3+ Kh8 44. Qd5 Qa3+ 45. Kb1 b3 46. Qxb3 Qa7 47. Qb2 Kg8 48. h4 Rd8 49. Rd2 Rc8 50. h5 Qc5 51. Qb3+ Kh7 52. h6 Qg1+ 53. Rd1 Qg2 54. Qd3+ Kxh6 55. Bxg7+ Kxg7 56. Qd7+ Kg6 57. Qxc8 Qe4+ 58. Qc2 Kf5 59. Qxe4+ Kxe4 60. a4 Kf5 61. a5 Kg4 62.
a6 Kf3 63. a7 Ke2 64. a8=Q Kf2 65. f5 Kxg3 66. f6 Kh2 67. f7 Kg3 68. Qe4 Kf2 69. Qf4+ Ke2 70. Rd2+ Ke1 71. Qf2# 1-0

[Event "Early-Titled-Tuesday-Blitz-January-30-2024"]
[Site "Chess.com"]
[Date "2024.01.30"]
[Round "10"]
[White "ahkashefi2800"]
[Black "azikom"]
[Result "1/2-1/2"]
[WhiteElo "2583"]
[BlackElo "2721"]
[TimeControl "180+1"]
[EndTime "10:02:58 PST"]
[Termination "Game drawn by repetition"]

1. Nf3 Nf6 2. g3 c5 3. Bg2 Nc6 4. O-O d6 5. b3 g6 6. Bb2 Bg7 7. c4 O-O 8. d3 Bg4 9. Nbd2 Qd7 10. Re1 Bh3 11. Bh1 a6 12. Rb1 b5 13. d4 cxd4 14.
Nxd4 Nxd4 15. Bxd4 Rac8 16. Rc1 h5 17. Nf3 bxc4 18.
bxc4 Bg4 19. c5 dxc5 20. Bxc5 Qe6 21. Qb3 Rfe8 22. Ng5 Qxb3 23. axb3 Bh6 24. h4 Nh7 25. f4 Nxg5 26. hxg5 Bg7 27. b4 e5 28. Bb7 Rc7 29. Bxa6 exf4 30. gxf4 Bb2 31. Rc2 Bd4+ 32. Kg2 Be3 33.
Kg3 Re4 34. Rf1 Rxb4 35. Bxb4 Rxc2 36. Rd1 Rc6 37. Rd8+ Kh7 38. Bb5 Rc8 39. Rd3 Bc5 40. Bd2 Bxe2 41. Rb3 Bxb5 42. Rxb5 Kg8 43. Ba5 Bd6 44.
Rd5 Be7 45. Rd7 Kf8 46. Rb7 Ke8 47. Kf3 Ra8 48. Bd2 Rd8 49. Bc3 Rc8 50. Be5 Rd8 51.
Ke4 Rc8 52. Kf3 Ra8 53. Ke4 Bd8 54. Rb3 Ra4+ 55. Kd5 Ra5+ 56. Ke4 Ra4+ 57. Kd5 Ra5+ 58. Ke4 Ra4+ 1/2-1/2

[Event "Early-Titled-Tuesday-Blitz-January-30-2024"]
[Site "Chess.com"]
[Date "2024.01.30"]
[Round "10"]
[White "Felix-Rose"]
[Black "Yushko_Olga"]
[Result "0-1"]
[WhiteElo "2336"]
[BlackElo "2188"]
[TimeControl "180+1"]
[EndTime "10:03:01 PST"]
[Termination "Yushko_Olga won on time"]

1. e4 g6 2. d4 Bg7 3. Nf3 d6 4.
Nc3 Nf6 5. h3 O-O 6. Be3 c6 7. a4 Nbd7 8. Be2 Qc7 9. Nd2 e5 10.
dxe5 dxe5 11. Nc4 Rd8 12. Qd6 Qxd6 13. Nxd6 Nf8 14. O-O-O b6 15. Nxc8 Raxc8 16. f3 Ne6 17. Ba6 Rb8 18. Ne2 Nc7 19. Rxd8+ Rxd8 20. Bb7 c5 21.
Rd1 Rxd1+ 22. Kxd1 Nfe8 23. c3 Nd6 24. Bc6 Nc4 25.
Bc1 Kf8 26. h4 Ke7 27. b4 cxb4 28. cxb4 Kd6 29. Bb7 Ne6 30. Bd5 b5 31. axb5 Nb6 32. Bc6 Nd8 33. Be3 Nxc6 34. Bc5+ Kc7 35. bxc6 Kxc6 36.
Nc3 Bf6 37. Bxb6 axb6 38. g3 Be7 39. Nd5 Bd6 40. Kc2 Kb5 41. Kb3 h6 42. g4 g5 43. h5 Bf8 44. Nc3+ Kc6 45. Kc4 Bd6 46. b5+ Kd7 47. Nd5 Bc5 48. Nf6+ Ke6 49. Ng8 Bf8 50.
Kb3 f6 51. Kc4 Kf7 52. Nxh6+ Bxh6 53. Kd5 Bf8 54. Kc6 Bc5 55. Kd7 Be3 56. h6 Kg6 57.
Ke6 Kxh6 58. Kxf6 Bf4 59. Ke6 Kg6 60. Kd6 Kf6 61. Kc6 Be3 62. Kd5 Bd4 63. Kc6 Ke6 64.
Kc7 Bc5 65. Kc6 Be3 66. Kc7 Ke7 67. Kc6 Kd8 68. Kd6 Bd4 69. Ke6 Kc7 70. Kf5 Kd6 71.
Kxg5 Ke6 72. Kg6 Be3 73. g5 Bf4 74. Kh5 Kf7 75. Kg4 Kg6 76. Kh4 Bxg5+ 77. Kg4 Bf4 78. Kh4 Kf6 79. Kg4 Ke6 80. Kh5 Kd6 81. Kg6 Kc5 0-1

[Event "Early-Titled-Tuesday-Blitz-January-30-2024"]
[Site "Chess.com"]
[Date "2024.01.30"]
[Round "10"]
[White "Chessdreamer2020"]
[Black "Onthequiet"]
[Result "0-1"]
[WhiteElo "2545"]
[BlackElo "2434"]
[TimeControl "180+1"]
[EndTime "10:03:02 PST"]
[Termination "Onthequiet won by checkmate"]

1. e4 c6 2. d4 d5 3. exd5 cxd5 4. Bd3 Nf6 5. h3 Nc6 6. c3 g6 7. Nf3 Bg7 8. O-O O-O 9. Re1 Bf5 10. Be2 a6 11. Bf4 Rc8 12. Bf1 h6 13. Nbd2 g5 14.
Bg3 e6 15. Ne5 Nxe5 16. Bxe5 Nd7 17. Bxg7 Kxg7 18. Nf3 Bg6 19. Bd3 Bxd3 20. Qxd3 Qf6 21. Nh2 Qg6 22. Qg3 Nf6 23. Qe5 Kh7 24. Ng4 Nxg4 25. hxg4 Qg7 26. Qd6 Qf6 27. Re3 Rfd8 28. Qh2 Qg6 29. Rae1 b5 30. a3 a5 31. Rf3 b4 32. axb4 axb4 33. Qe5 Qg7 34. Qe3 bxc3 35. bxc3 Rd7 36. Rb1 Rdc7 37. Rb3 Qg6 38. Qd2 Qe4 39.
Rg3 Ra8 40. Kh2 Rca7 41. Qd3 Qg6 42. Rf3 Kg7 43. Qe3 Qe4 44. Qxe4 dxe4 45. Re3 f5 46.
gxf5 exf5 47. g4 fxg4 48. Rxe4 h5 49. Re5 Ra5 50. Re7+ Kf6 51. Rbb7 Rf8 52. Kg2 Ra2 53. d5 Rd2 54. c4 h4 55. Re6+ Kf5 56. Rbe7 g3 57.
Re5+ Kg4 58. Re4+ Kh5 59. Re2 Rxf2+ 60. Rxf2 Rxf2+ 61. Kg1 Rd2 62. Re3 Kg4 63. Rc3 h3 64.
c5 Rd1# 0-1

[Event "Early-Titled-Tuesday-Blitz-January-30-2024"]
[Site "Chess.com"]
[Date "2024.01.30"]
[Round "10"]
[White "alexrustemov"]
[Black "karinachess1"]
[Result "1-0"]
[WhiteElo "2777"]
[BlackElo "2627"]
[TimeControl "180+1"]
[EndTime "10:03:03 PST"]
[Termination "alexrustemov won by resignation"]

1. d4 Nf6 2. c4 e6 3. Nf3 d5 4. Nc3 Be7 5. Bg5 h6 6. Bxf6 Bxf6 7. e3 O-O 8. Rc1 c5 9. cxd5 cxd4 10. Nxd4 exd5 11. Bb5 a6 12. Ba4 Be6 13. O-O Nd7 14. Bxd7 Qxd7 15. Na4 Qe7 16. Qd2 Rac8 17. h3 b5 18. Nc3 Rc5 19. Nce2 Rfc8 20. Rxc5 Rxc5 21. Rc1 Qc7 22. Rxc5 Qxc5 23. a3 Bd7 24. Nf4 Qc4 25. b3 Qc5 26. Qb2 a5 27. Nd3 Qc7 28. b4 axb4 29. axb4 Qc4 30. Nc5 Bf5 31. Qd2 Bb1 32.
Nd7 Bxd4 33. Qxd4 Qxd4 34. exd4 Bd3 35. h4 f6 36. Nc5 Bc4 37. h5 Kf7 38. Kh2 Be2 39.
f3 Bc4 40. Kg3 Be2 41. Kf4 Bc4 42. Kf5 Bb3 43. Na6 Bc2+ 44. Kf4 Bd3 45. Nc7 Bc4 46. g4 Ke7 47. Kg3 Kd7 48. Na6 Ke7 49. Nc5 Kf7 50. f4 Ke7 51. Kh4 Kf7 52. g5 fxg5+ 53. fxg5 Ke7 54.
Na6 Kf7 55. Nc7 hxg5+ 56. Kxg5 Kf8 57. Ne6+ Kf7 58. Nf4 Bb3 59. Kf5 Bc2+ 60. Ke5 Bd1 61. Kxd5 Kf6 62. Kc5 Kf5 63. Ng2 Bxh5 64. Kxb5 Ke4 65.
Kc5 g5 66. b5 g4 67. b6 Bf7 68. b7 Kf3 69. Nh4+ Kf2 70. b8=Q 1-0

[Event "Early-Titled-Tuesday-Blitz-January-30-2024"]
[Site "Chess.com"]
[Date "2024.01.30"]
[Round "10"]
[White "NelsonLinda"]
[Black "vasblesk"]
[Result "0-1"]
[WhiteElo "2573"]
[BlackElo "2751"]
[TimeControl "180+1"]
[EndTime "10:03:03 PST"]
[Termination "vasblesk won on time"]

1. Nf3 Nf6 2. c4 c6 3. b3 g6 4.
Bb2 Bg7 5. e4 O-O 6. e5 Ne8 7. d4 d6 8. Be2 Bg4 9. Nbd2 Nd7 10. O-O dxe5 11. dxe5 Qc7 12. Re1 Bxf3 13. Nxf3 Nxe5 14. Nxe5 Bxe5 15. Bxe5 Qxe5 16. Bg4 Qc7 17. Qe2 Nf6 18. Bf3 e6 19. h4 h5 20. Qe3 Kg7 21. Qg5 Rad8 22. Bd1 Rd4 23. g3 Rfd8 24. Bc2 Qd6 25. Rac1 c5 26. Re3 Rg4 27. Qe5 Qxe5 28. Rxe5 b6 29. Re2 Rgd4 30. Kf1 Ng4 31. Ke1 Kf6 32.
Ra1 Ne5 33. Be4 Ke7 34. Bg2 Nd3+ 35. Kf1 Kf6 36. Rb1 Nb4 37. Ke1 e5 38. a3 Na6 39.
Bd5 Nc7 40. Bc6 R8d6 41. Bg2 a6 42. Rc1 Rd3 43. Rb1 Ne6 44. Bd5 Nd4 45. Re3 Nc2+ 46. Ke2 Nxe3 47. Kxd3 Nxd5 48. cxd5 Rxd5+ 49. Ke3 Rd4 50. b4 cxb4 51. axb4 b5 52. Ra1 Rxb4 53. Rxa6+ Kf5 54.
Ra7 f6 55. Kf3 Rb3+ 56. Kg2 b4 57. Rc7 Rb2 58. Rc4 b3 59. Rb4 Rb1 60. Kf3 b2 61. Ke2 Ke6 62. Rb5 Kd6 63. Rb6+ Kc5 64. Rb8 e4 65. Rc8+ Kd6 66. Rb8 e3 67. Kf3 exf2 0-1

[Event "Early-Titled-Tuesday-Blitz-January-30-2024"]
[Site "Chess.com"]
[Date "2024.01.30"]
[Round "10"]
[White "kidagent"]
[Black "vesalhamedinia"]
[Result "1/2-1/2"]
[WhiteElo "2330"]
[BlackElo "2469"]
[TimeControl "180+1"]
[EndTime "10:03:03 PST"]
[Termination "Game drawn by repetition"]

1. c4 e6 2. g3 d5 3. Bg2 Nf6 4. Nf3 Be7 5. O-O O-O 6. b3 c6 7. Bb2 a5 8. d3 b5 9. Nbd2 Ba6 10. Re1 Nbd7 11. cxd5 cxd5 12. Rc1 Rc8 13. Rxc8 Qxc8 14. Qa1 Qb7 15. e4 b4 16. exd5 Qxd5 17. Ne5 Qd6 18.
Ndc4 Qc7 19. Nc6 Bd8 20. N4e5 Nxe5 21. Bxe5 Qc8 22. Rc1 Qd7 23. Nb8 Qa7 24. Nc6 Qd7 25. Nxd8 Qxd8 26. d4 Nd5 27. Rc5 Nc3 28. a3 f6 29. axb4 Ne2+ 30. Kh1 fxe5 31. Rxa5 exd4 32. Rxa6 d3 33. Ra2 Rxf2 34. Be4 Rf8 35. Ra8 Qd6 36. Ra7 Rf7 37. Ra8+ Rf8 38. Ra7 e5 39. Qd1 Nc3 40. Qg4 Qf6 41. Bxd3 e4 42. Bc4+ Kh8 43. Rf7 Rxf7 44.
Bxf7 Qxf7 45. Qc8+ Qg8 46. Qxc3 Qd8 47. Kg2 h6 48.
Kf2 Qb6+ 49. Ke2 Qg1 50. Qe3 Qb1 51. Kf2 Qc2+ 52. Ke1 Kg8 53. h4 Qb1+ 54. Ke2 Qc2+ 55. Ke1 h5 56. b5 Qb1+ 57. Ke2 Qc2+ 58. Ke1 Qb1+ 59. Kf2 Qc2+ 60. Qe2 Qc5+ 61. Kf1 Qd4 62. Ke1 e3 63. b6 Qxb6 64. Qc4+ Kh7 65. Ke2 g6 66.
Qf7+ Kh6 67. Qf8+ Kh7 68. Qf7+ Kh6 69. Qf8+ Kh7 70. Qf7+ 1/2-1/2

[Event "Early-Titled-Tuesday-Blitz-January-30-2024"]
[Site "Chess.com"]
[Date "2024.01.30"]
[Round "10"]
[White "Agibileg"]
[Black "YurasovMat-2012"]
[Result "0-1"]
[WhiteElo "2758"]
[BlackElo "2634"]
[TimeControl "180+1"]
[EndTime "10:03:07 PST"]
[Termination "YurasovMat-2012 won on time"]

1. d4 d5 2. c4 c6 3. Nf3 Nf6 4. Nc3 dxc4 5. a4 Bf5 6. Ne5 e6 7. f3 Bb4 8. e4 Bxe4 9. fxe4 Nxe4 10. Qf3 Qxd4 11. Nxc4 Nxc3 12. Bd2 Nd5 13. Rd1 Bxd2+ 14.
Rxd2 Qc5 15. Bd3 Nd7 16. Rf1 N7f6 17. Qg3 O-O-O 18. Qxg7 Qe7 19. a5 h5 20. Qg3 Nb4 21.
a6 Nxd3+ 22. Rxd3 Rxd3 23. axb7+ Kxb7 24. Qxd3 Rd8 25. Qb3+ Ka8 26. Na5 Qc7 27. Nc4 Nd5 28. Kf2 Qxh2 29. Ra1 Qc7 30. Kg1 Nf4 31. Nb6+ Kb8 32.
Nd5+ Qb7 33. Qxb7+ Kxb7 34. Nxf4 Rd2 35. Ra2 h4 36. Kh2 e5 37. Nh5 e4 38. Kh3 e3 39.
Ra3 e2 40. Re3 Rd3 41. Rxd3 e1=Q 42. Nf4 Qe4 43. Rd7+ Kb6 44. Rxf7 Qe1 45. Kg4 Qg3+ 46. Kf5 Qb3 47. Rf6 Qxb2 48. Rh6 Qb1+ 49. Kg5 Qc1 50. Rxh4 a5 51. Kf5 a4 52. Nd3 Qc2 53. Ke4 Qc4+ 54.
Ke3 Qxh4 55. Nf4 Qg3+ 56. Ke4 a3 57. Nd3 Qxg2+ 58. Kd4 a2 59. Ne5 a1=Q+ 0-1

[Event "Early-Titled-Tuesday-Blitz-January-30-2024"]
[Site "Chess.com"]
[Date "2024.01.30"]
[Round "10"]
[White "stollenmonster"]
[Black "crazy_but_lazy"]
[Result "0-1"]
[WhiteElo "2869"]
[BlackElo "2608"]
[TimeControl "180+1"]
[EndTime "10:03:07 PST"]
[Termination "crazy_but_lazy won by resignation"]

1. e4 c5 2. Nf3 d6 3. d4 cxd4 4.
Nxd4 Nf6 5. Nc3 a6 6. a4 g6 7.
g3 Bg7 8. Bg2 O-O 9. h3 Nc6 10.
Nde2 Bd7 11. Nd5 b5 12. axb5 axb5 13. Rxa8 Qxa8 14. O-O Nxd5 15. exd5 Ne5 16. b3 Bc8 17. Nd4 Bb7 18. f4 Nd7 19. Nc6 Re8 20. Kh2 Nf6 21. c4 bxc4 22. bxc4 h5 23. Be3 Qa3 24. Bd4 Ba6 25. Rf3 Qa2 26. Nb4 Qxc4 27. Nxa6 Qxa6 28. f5 Qc4 29. fxg6 fxg6 30. Rd3 Ra8 31. Kh1 Ra2 32. Bc3 Qa6 33. Re3 Qc4 34. Bf3 Qa4 35. Qd3 Qc2 36. Qxc2 Rxc2 37. Bd4 Kf7 38. Rb3 Rd2 39. Be3 Ra2 40. g4 hxg4 41. hxg4 Nd7 42. g5 Ne5 43.
Be4 Re2 44. Bg2 Ng4 45. Bg1 Re1 46. Bf3 Ne5 47. Bg2 Ra1 48. Kh2 Ng4+ 49. Kh1 Bd4 50. Rf3+ Kg8 51. Bf1 Bxg1 52. Kxg1 Ne5 53. Re3 Rd1 54.
Kg2 Rxd5 55. Ra3 Rc5 56. Ra7 Kf7 57. Kf2 Rc2+ 58. Ke3 Rc3+ 59. Kd4 Rg3 60. Bb5 Rxg5 61. Ra8 Rg4+ 62. Kd5 Rb4 63. Be8+ Kf6 64. Ba4 g5 65. Rf8+ Kg7 66. Ra8 g4 67. Ke6 g3 68. Be8 g2 69. Ra1 Rg4 70. Rg1 Nf3 71. Rxg2 Rxg2 72.
Kxe7 Re2+ 73. Kxd6 Rxe8 0-1

[Event "Early-Titled-Tuesday-Blitz-January-30-2024"]
[Site "Chess.com"]
[Date "2024.01.30"]
[Round "10"]
[White "monomita"]
[Black "Flaccidmoves"]
[Result "1/2-1/2"]
[WhiteElo "2738"]
[BlackElo "2462"]
[TimeControl "180+1"]
[EndTime "10:03:07 PST"]
[Termination "Game drawn by repetition"]

1. e4 e5 2. Nf3 Nf6 3. Nxe5 Bc5 4. d4 Bb6 5. Nc3 Nc6 6. Nxc6 dxc6 7. Be3 Ng4 8. Bc4 Nxe3 9. fxe3 Qh4+ 10. g3 Qh3 11. Qf3 Be6 12. Bxe6 fxe6 13. O-O-O O-O-O 14. Rdf1 Qh6 15. Qf4 Rhf8 16. Qxh6 gxh6 17. Na4 e5 18. Nxb6+ axb6 19. c3 Kd7 20. g4 c5 21. dxe5 Ke6 22. Rf5 Rxf5 23.
exf5+ Kxe5 24. Rf1 Ke4 25. f6 Kxe3 26. Rf5 Rf8 27. f7 c4 28. b3 Kd3 29. Kb2 c5 30. h4 cxb3 31. axb3 c4 32. bxc4 Kxc4 33. Rf6 Kd5 34. Kb3 Ke5 35. Rxb6 Rxf7 36. Rxh6 Kf4 37. g5 Kg4 38. Kb4 Rc7 39. c4 Rd7 40. c5 Re7 41.
Kb5 Rg7 42. Kb6 Rf7 43. Rf6 Rg7 44. Rh6 Re7 45. Ka7 b5+ 46. Ka6 b4 47. Rb6 Kxh4 48. Rxb4+ Kxg5 49. c6 h5 50. Kb6 h4 51. c7 Re8 52.
Rd4 Rc8 53. Rd8 Rxc7 54. Kxc7 h3 55. Kd6 Kg4 56. Ke5 h2 57. Rh8 Kg3 58. Ke4 Kg2 59. Rg8+ Kh1 60. Rb8 Kg2 61. Rb2+ Kg1 62. Rb1+ Kg2 63.
Rb2+ Kg1 64. Rb1+ Kg2 65. Rb2+ 1/2-1/2

[Event "Early-Titled-Tuesday-Blitz-January-30-2024"]
[Site "Chess.com"]
[Date "2024.01.30"]
[Round "10"]
[White "KhazhatulyAlikhan"]
[Black "ChainedDowntohell"]
[Result "1-0"]
[WhiteElo "2418"]
[BlackElo "2561"]
[TimeControl "180+1"]
[EndTime "10:03:08 PST"]
[Termination "KhazhatulyAlikhan won on time"]

1. e4 c5 2. Nf3 a6 3. d4 cxd4 4. Nxd4 Nf6 5. Nc3 e5 6. Nf3 Nc6 7. a3 Bc5 8. Bc4 d6 9. h3 Be6 10. Bd5 h6 11. O-O O-O 12. Qd3 Nd4 13. Nxd4 exd4 14. Ne2 Nxd5 15. exd5 Bxd5 16. Nxd4 Qf6 17. Be3 Rfe8 18. Rad1 Be4 19. Qd2 Qg6 20. f3 Bxd4 21.
Bxd4 Bxc2 22. Rde1 Bf5 23. Kh2 Be6 24. Bc3 Bc4 25.
Rxe8+ Rxe8 26. Re1 Re6 27. Qd4 Be2 28. Qd2 Bb5 29. Qd4 Rxe1 30. Bxe1 Qe6 31. Bc3 f6 32. Qd2 Bc6 33. Bb4 d5 34. Bc3 Qd6+ 35. Kg1 Qc5+ 36. Qd4 Qe7 37. Kf2 Qe6 38. Qe3 Qd7 39. Qd4 Kf7 40. Kg1 Qe7 41. Kf2 Qd6 42. Kg1 Qd7 43.
Kf2 Qe7 44. Qe3 Qc7 45. Kg1 Qd6 46. Qd4 Bd7 47. Qe3 Qc6 48. Kf2 Be6 49. Kg1 Bf5 50.
Kf2 Qb5 51. Qe2 Bd3 52. Qe3 Bc4 53. Qf4 Qd7 54. Qe3 Bb5 55. Qb6 Qe7 56. Qe3 Qd6 57.
Kg1 Qc6 58. Qd4 Qe6 59. Qd2 Bc4 60. Kf2 Qf5 61. Kg1 Qb1+ 62. Kf2 Qf1+ 63. Kg3 Qb1 64. Qf4 Qd1 65. Qc7+ Kg6 66. Qxb7 Qc2 67. Qc8 Bf1 68. Qg4+ Kh7 69. Kh2 1-0

[Event "Early-Titled-Tuesday-Blitz-January-30-2024"]
[Site "Chess.com"]
[Date "2024.01.30"]
[Round "10"]
[White "Mohamed-almado"]
[Black "falzehope0"]
[Result "0-1"]
[WhiteElo "2162"]
[BlackElo "2384"]
[TimeControl "180+1"]
[EndTime "10:03:12 PST"]
[Termination "falzehope0 won on time"]

1. d4 e6 2. c4 d5 3. Nc3 f5 4.
Bf4 Ne7 5. e3 Ng6 6. Bg3 Be7 7. c5 O-O 8. Bd3 f4 9. exf4 Nxf4 10.
Bxf4 Rxf4 11. Nge2 Rf8 12. O-O c6 13. b4 a6 14. a4 Nd7 15. b5 axb5 16. axb5 Rxa1 17.
Qxa1 Bf6 18. f4 Qe7 19. b6 g6 20. Qc1 Bg7 21. Qe3 Qf6 22. Nd1 Re8 23. Nf2 Nf8 24. Ng4 Qh4 25. Ne5 Nd7 26. Ng3 Rf8 27. Ne2 Bh6 28. g3 Qf6 29. Nc3 Bg7 30. Kg2 Qe7 31. Re1 Nf6 32. h3 Nd7 33. Nd1 Bh6 34.
Qe2 Qg7 35. Rf1 Nf6 36. Ne3 Nh5 37. N3g4 Nf6 38. Nf2 Qe7 39. Nfg4 Bg7 40. Nxf6+ Bxf6 41. h4 Bg7 42. Qg4 Qf6 43. h5 gxh5 44. Qxh5 Qh6 45. Qxh6 Bxh6 46. Ra1 Rd8 47. Ra8 Kf8 48. Nxc6 bxc6 49.
b7 Bxb7 50. Rxd8+ Ke7 51. Rh8 Kf6 52. Rxh7 Bg7 53. g4 Bc8 54. g5+ Kf7 55. Rh1 Bd7 56.
Kg3 Be8 57. Ra1 Kf8 58. Ra2 Bf7 59. Ra7 Bxd4 60. Ba6 Bxc5 61. Ra8+ Ke7 62. Bb7 Kd6 63. Bxc6 Kxc6 64. Rc8+ Kd6 65. Rh8 Bg6 66. Kg4 Bf5+ 67. Kh5 Bd4 68. Kh6 Bxh8 69. g6 Bf6 70. g7 Bxg7+ 71.
Kxg7 d4 72. Kf6 d3 0-1

[Event "Early-Titled-Tuesday-Blitz-January-30-2024"]
[Site "Chess.com"]
[Date "2024.01.30"]
[Round "10"]
[White "Xsu11"]
[Black "C_K_G"]
[Result "1/2-1/2"]
[WhiteElo "2330"]
[BlackElo "2162"]
[TimeControl "180+1"]
[EndTime "10:03:12 PST"]
[Termination "Game drawn - insufficient material"]

1. e4 c5 2. Nf3 d6 3. d4 cxd4 4. Nxd4 Nf6 5. Bd3 Nc6 6. Be3 Nxd4 7. Bxd4 e5 8. Bc3 Be7 9. O-O O-O 10. Nd2 a6 11. a4 Be6 12. b3 Qc7 13. Bb2 d5 14. exd5 Nxd5 15. Re1 Bd6 16. Nc4 e4 17. Bxe4 Bxh2+ 18. Kh1 Nf4 19. Kxh2 Bxc4 20. bxc4 Nd3+ 21. g3 Nxb2 22.
Qd5 Nxc4 23. Rab1 Rab8 24. Bd3 Nd6 25. a5 Rfd8 26. Rb6 Ne8 27. Qe4 g6 28. Reb1 Ng7 29. Qf4 Qxf4 30. gxf4 Ne6 31. Kg3 Nc5 32. Bc4 Kg7 33.
Kf3 Rd4 34. Be2 Rd2 35. R1b2 Rd5 36. Bc4 Rf5 37. Ke3 Ne6 38. Bxe6 fxe6 39. Rxe6 Rxa5 40. Re7+ Kf6 41. Rbxb7 Rxb7 42. Rxb7 Ra2 43. Rxh7 Rxc2 44. Ra7 Rc6 45. Ke4 Rb6 46. f3 Ke6 47. Rg7 Kf6 48.
Rc7 Rb4+ 49. Kd5 Rb6 50. Kc5 Re6 51. Ra7 Kf5 52. Kd4 Kxf4 53. Rf7+ Kg5 54. Kd5 Rb6 55. f4+ Kg4 56. Ke4 Re6+ 57. Kd5 Rb6 58. Ke5 Rb5+ 59. Ke4 Rb6 60. Ke5 Rb4 61. Rg7 Rxf4 62. Rxg6+ Kf3 63. Rxa6 Re4+ 64. Kd5 Rf4 65. Ra3+ Kg4 66. Ke5 Rf3 67. Ra4+ Kg3 68. Ra2 Rf2 69. Rxf2 Kxf2 1/2-1/2

[Event "Early-Titled-Tuesday-Blitz-January-30-2024"]
[Site "Chess.com"]
[Date "2024.01.30"]
[Round "10"]
[White "bancsoo"]
[Black "PepeCuenca"]
[Result "0-1"]
[WhiteElo "2794"]
[BlackElo "2674"]
[TimeControl "180+1"]
[EndTime "10:03:18 PST"]
[Termination "PepeCuenca won on time"]

1. d4 d5 2. Nf3 Nf6 3. g3 e6 4. Bg2 Be7 5. O-O O-O 6. c4 dxc4 7. Qa4 a6 8. Qxc4 b5 9. Qc2 Bb7 10. Bd2 Be4 11. Qc1 c6 12. a4 b4 13. Be3 Nbd7 14.
Nbd2 Bd5 15. Ne5 Bxg2 16. Kxg2 Nxe5 17. dxe5 Ng4 18. Nc4 Qd5+ 19. Kg1 Nxe3 20. fxe3 Bg5 21. Qc2 Qc5 22. Qe4 Rad8 23. Rad1 Rd5 24. b3 Rfd8 25. Rd3 Bh6 26. Kg2 Rxd3 27. exd3 Qd5 28. Qxd5 cxd5 29. Nd6 Bxe3 30. Nxf7 Rd7 31. Rf3 Bd4 32. Ng5 Re7 33. Rf1 Bxe5 34. Nf3 Bc3 35. Rf2 h6 36. Re2 e5 37. h4 Kf7 38. h5 Kf6 39.
g4 e4 40. dxe4 Rxe4 41. Rxe4 dxe4 42. Nh4 Kg5 43. Kh3 e3 44. Nf3+ Kf4 45. Ng1 Ke4 46.
Kg2 Kd3 47. Kf3 Bd4 48. Ne2 Ba7 49. Nf4+ Kc2 50. Ne6 Kxb3 51. Nxg7 Kxa4 52. g5 b3 53.
gxh6 b2 54. h7 b1=Q 55. h8=Q Qf1+ 56. Ke4 Qc4+ 57. Kf3 Qf1+ 58. Ke4 Qf2 59. Qe8+ Kb4 60. Qe7+ Kb3 61. Qxa7 Qc2+ 62. Kxe3 Qc3+ 63. Ke4 Qc2+ 64. Kf4 Qd2+ 65. Kg4 Qg2+ 66. Kf5 Qf3+ 67. Kg6 Qe4+ 68. Kf6 Qf4+ 69. Nf5 a5 70. Qe3+ Qxe3 71. Nxe3 a4 0-1